 Dungeon Crawl Stone Soup version 0.30.0-19-g36f170ea60 (webtiles) character file.

Game seed: 5084996737075891306

75 tizbic2 the Digger (level 3, -3/27 HPs)
             Began as a Demigod Earth Elementalist on May 29, 2023.
             Slain by a gnoll
             ... wielding a +0 flail
              (10 damage)
             ... on level 2 of the Dungeon.
             The game lasted 00:05:08 (1154 turns).

tizbic2 the Digger (Demigod Earth Elementalist)     Turns: 1154, Time: 00:05:09

Health: -3/27      AC:  5    Str: 15    XL:     3   Next: 88%
Magic:  2/9        EV:  8    Int: 21    God:
Gold:   68         SH:  5    Dex: 14    Spells: 5/6 levels left

rFire   . . .        j - +1 club
rCold   . . .        (no shield)
rNeg    . . .        h - +0 ring mail
rPois   .            (no helmet)
rElec   .            (no cloak)
rCorr   .            (no gloves)
SInv    .            (no boots)
Will    +....        c - amulet of reflection
Stlth   +            d - +6 ring of strength
HPRegen 0.24/turn    i - ring of willpower
MPRegen 0.11/turn

%: reflection
@: constricted
A: high MP 1, forlorn, divine attributes
a: no special abilities


You were on level 2 of the Dungeon.
You visited 1 branch of the dungeon, and saw 2 of its levels.

You collected 68 gold pieces.

Inventory:

Hand Weapons
 j - a +1 club (weapon)
Armour
 a - a +0 robe
 f - a +0 leather armour
 h - a +0 ring mail (worn)
Jewellery
 c - an amulet of reflection (around neck)
 d - a +6 ring of strength (left hand)
 i - a ring of willpower (right hand)
Scrolls
 g - a scroll of noise
 l - a scroll of teleportation
Potions
 b - a potion of magic
 k - 2 potions of curing


   Skills:
 + Level 0.6 Fighting
 * Level 1.0 Staves
 + Level 0.5 Armour
 - Level 1.7 Dodging
 - Level 1.7 Stealth
 * Level 2.3 Spellcasting
 + Level 1.4 Transmutations
 * Level 3.3 Earth Magic
 + Level 0.4 Evocations


You had 5 spell levels left.
You knew the following spells:

 Your Spells              Type           Power      Damage    Failure   Level
a - Sandblast             Erth           32%        2d9       8%          1

Your spell library contained the following spells:

 Spells                   Type           Power      Damage    Failure   Level
 Passwall                 Tmut/Erth      10%        N/A       16%         2
 Stone Arrow              Conj/Erth      18%        3d8       41%         3
 Petrify                  Tmut/Erth      12%        N/A       71%         4


Dungeon Overview and Level Annotations

Branches:
Dungeon (2/15)


Innate Abilities, Weirdness & Mutations

You have an increased reservoir of magic. (+10% MP)
You shall have no god before yourself.
Your divine heritage dramatically boosts your attributes as you level up.


Message History

The ball python misses you. The ball python completely misses you.
The gnoll hits you with a +0 flail!
Casting: Sandblast (safe; 8% risk of failure)
Confirm with . or Enter, or press ? or * to list all spells.
Aiming: Sandblast (safe; 8% risk of failure)
Press: ? - help, Shift-Dir - straight line, f/p - gnoll
Aim: a gnoll, wielding a +0 flail (severely wounded, 84% to hit)
The blast of sand hits the gnoll.
The gnoll is severely wounded.
The ball python misses you. The ball python closely misses you.
The gnoll barely misses you. The ball python closely misses you.
The ball python barely misses you.
Casting: Sandblast (safe; 8% risk of failure)
Confirm with . or Enter, or press ? or * to list all spells.
Aiming: Sandblast (safe; 8% risk of failure)
Press: ? - help, Shift-Dir - straight line, f/p - gnoll
Aim: a gnoll, wielding a +0 flail (severely wounded, 84% to hit)
The blast of sand hits the gnoll.
You kill the gnoll!
The gnoll hits you with a +0 flail.
* * * LOW HITPOINT WARNING * * *
The ball python bites you but does no damage.
The ball python closely misses you. The ball python barely misses you.
You block the ball python's attack. The gnoll barely misses you.
It was a potion of curing.
You feel better.
The ball python bites you but does no damage.
The ball python misses you. The gnoll hits you with a +0 flail.
Casting: Sandblast (safe; 8% risk of failure)
Confirm with . or Enter, or press ? or * to list all spells.
Aiming: Sandblast (safe; 8% risk of failure)
Press: ? - help, Shift-Dir - straight line, f - gnoll
Aim: a gnoll, wielding a +0 flail (84% to hit)
The blast of sand hits the gnoll!
The gnoll is severely wounded.
The ball python bites you.
* * * LOW HITPOINT WARNING * * *
The ball python grabs you. The ball python constricts you.
* * * LOW HITPOINT WARNING * * *
The gnoll hits you with a +0 flail!
You die...

... #................
#...# #................
....##########>......>.
.....########.......#.
...................... .
#.#.#..............## ..g
#.#....#...........##
.....#..).....(##.......##
#....)S@...............#
##..#.g.................
#. #....#.............. ..
#................... ##
#....#..............
#..................<
..........<.........
###..................
..........


You could see a gnoll and a ball python.

Vanquished Creatures
  3 gnolls (D:2)
  An adder (D:2)
  A worm (D:2)
  4 ball pythons
  3 endoplasms (D:1)
  2 giant cockroaches (D:1)
  4 goblins (D:1)
  3 hobgoblins
  3 kobolds (D:1)
  A quokka (D:1)
  2 bats (D:1)
  3 frilled lizards (D:2)
  6 rats
36 creatures vanquished.

Notes
Turn   | Place    | Note
-------+----------+-------------------------------------------
     0 | D:1      | tizbic2 the Demigod Earth Elementalist began the quest for
                  | the Orb.
     0 | D:1      | Reached XP level 1. HP: 14/14 MP: 5/5
    89 | D:1      | Reached skill level 1 in Transmutations
   278 | D:1      | Reached skill level 3 in Earth Magic
   281 | D:1      | Reached XP level 2. HP: 20/20 MP: 4/7
   989 | D:2      | Reached XP level 3. HP: 27/27 MP: 5/8
  1150 | D:2      | Reached skill level 1 in Staves
  1154 | D:2      | Slain by a gnoll

Illustrated notes

Levels and vault maps discovered:
D:1:      minmay_arrival_hallway, layout_loops_corners, skrybe_limestone_x
D:2:      layout_rooms, chequers_arboretum, eino_tiny_chamber,
          minmay_pentomino_u2

Skill      XL: |  1  2  3 |
---------------+----------+-----
Transmutations | 1 |  1.4
Spellcasting   | 2 |  2.3
Earth Magic    | 3 |  3.3
Staves         | 1 |  1.0
Fighting       | |  0.6
Armour         | |  0.5
Dodging        | |  1.7
Stealth        | |  1.7
Evocations     | |  0.4

Action                     || total
---------------------------++-------
  Melee: Unarmed           ||    40
         Club              ||    41
         Punch             ||     1
   Cast: Sandblast         ||    32
    Use: Scroll            ||     5
         Potion            ||     1
 Armour: Robe              ||     8
         Leather armour    ||     3
         Ring mail         ||    15
  Dodge: Dodged            ||    70
  Block: Other             ||    29
